 Dungeon Crawl Stone Soup version 0.21.1-1-g345015fe64 (webtiles) character file.

660 BrokenGlass the Digger (level 7, -9/41 HPs)
             Began as an Octopode Earth Elementalist on Mar 7, 2018.
             Killed by divine providence
             ... invoked by an orc priest
              (13 damage)
             ... on level 5 of the Dungeon.
             The game lasted 00:04:33 (3940 turns).

BrokenGlass the Digger (OpEE)                       Turns: 3940, Time: 00:04:33

Health: -9/41      AC:  1    Str:  7    XL:     7   Next: 56%
Magic:  6/15       EV: 13    Int: 19    God:
Gold:   191        SH:  0    Dex: 13    Spells: 11/17 levels left

rFire    . . .     SeeInvis .   p - +2 dagger (drain)
rCold    + . .     Gourm    .   (no shield)
rNeg     . . .     Faith    .   (helmet restricted)
rPois    +         Spirit   .   (no amulet)
rElec    .         Reflect  .   f - ring of poison resistance
rCorr    .         Harm     .   s - ring of protection from cold
MR       .....                  (no ring)
Stlth    +++.......             (no ring)
HPRegen  0.13/turn              (no ring)
MPRegen  0.14/turn              (no ring)
                                (no ring)
                                (no ring)

@: no status effects
A: almost no armour, stealthy swim, amphibious, 8 rings, constrict 8, camouflage
1, gelatinous body 1
a: no special abilities


You were on level 5 of the Dungeon.
You were not hungry.

You visited 1 branch of the dungeon, and saw 5 of its levels.

You collected 191 gold pieces.

Inventory:

Hand Weapons
 e - a +0 dagger
 p - a +2 dagger of draining (weapon)
Missiles
 b - 162 stones (quivered)
Jewellery
 f - a ring of poison resistance (left tentacle)
 m - an uncursed ring of teleportation
 s - a ring of protection from cold (right tentacle)
Wands
 u - a wand of iceblast (8)
 x - a wand of random effects (21)
Scrolls
 g - 3 scrolls of teleportation
 i - 3 scrolls of magic mapping
 j - a scroll of identify
 q - a scroll of noise {unknown}
 w - a scroll of fog {unknown}
Potions
 a - a potion of ambrosia {unknown}
 h - 2 potions of agility {unknown}
 l - 2 potions of curing
 n - a potion of degeneration {unknown}
 o - a potion of might
 v - a potion of invisibility
Books
 d - a book of Geomancy

   Spells                             Type                      Level
   a - Sandblast                      Earth                        1
   b - Passwall                       Transmutation/Earth          2
   c - Stone Arrow                    Conjuration/Earth            3
   d - Petrify                        Transmutation/Earth          4
   e - Lee's Rapid Deconstruction     Earth                        5
 k - a book of Minor Magic

   Spells                             Type                      Level
   a - Magic Dart                     Conjuration                  1
   b - Blink                          Translocation                2
   c - Call Imp                       Summoning                    2
   d - Slow                           Hexes                        2
   e - Conjure Flame                  Conjuration/Fire             3
   f - Mephitic Cloud                 Conjuration/Poison/Air       3
 t - a book of the Sky

   Spells                             Type                      Level
   a - Summon Lightning Spire         Summoning/Air                4
   b - Silence                        Hexes/Air                    5
   c - Deflect Missiles               Charms/Air                   6
   d - Conjure Ball Lightning         Conjuration/Air              6
   e - Tornado                        Air                          9
Comestibles
 c - 6 rations


   Skills:
 - Level 2.0 Dodging
 - Level 2.6 Stealth
 + Level 5.5 Spellcasting
 - Level 1.0 Transmutations
 + Level 6.4 Earth Magic


You had 11 spell levels left.
You knew the following spells:

 Your Spells              Type           Power        Failure   Level  Hunger
a - Sandblast             Erth           ####..       1%          1    None
b - Passwall              Tmut/Erth      ###.......   3%          2    None
c - Stone Arrow           Conj/Erth      ###...       10%         3    ##.....


Dungeon Overview and Level Annotations

Branches:
Dungeon (5/15)
 Temple: D:4-7

Altars:
Makhleb
Nemelex Xobeh
Qazlal


Innate Abilities, Weirdness & Mutations

You cannot wear most types of armour.
You are very stealthy in the water. (Stealth+)
You are amphibious.
You can wear up to eight rings at the same time.
You can use your tentacles to constrict eight enemies at once.
Your skin changes colour to match your surroundings (Stealth+).
Your rubbery body absorbs attacks. (AC +1, EV +1)


Message History

Aiming: Sandblast
Press: ? - help, Shift-Dir - straight line, f/p - orc priest
Aim: an orc priest, wielding a short sword and wearing a chain mail (almost dead)
The blast of sand hits the orc priest.
The orc priest is almost dead.
b - 163 stones The orc priest begins to cast a cantrip, but forgets the words!
Unknown command.
Unknown command.
Casting: Sandblast
Confirm with . or Enter, or press ? or * to list all spells.
Aiming: Sandblast
Press: ? - help, Shift-Dir - straight line, f/p - orc priest
Aim: an orc priest, wielding a short sword and wearing a chain mail (almost dead)
The blast of sand hits the orc priest.
The orc priest is almost dead.
b - 162 stones The orc priest invokes the aid of Beogh against you.
Beogh smites you!
You die...

#########. ###
#......... ... ###..
..........
...####.#.####........
......................
..........# #.....#
..........# #).)o.#
...........###..@..#
#.#................#
....####.####.####.#
................ .O.
.................. #..
#.#.####.####.##...#..#
#.........# #......# .#
#.#.####.#######.... .
....##.#..........


You could see an ogre (wandering) and an orc priest.

Vanquished Creatures
  An ogre (D:2)
  Blork the orc (D:4)
  2 scorpions
  2 hounds
  An orc priest (D:4)
  4 orc wizards
  An iguana (D:4)
  A worker ant (D:4)
  A hound skeleton (D:5)
  8 adders
  A worm (D:4)
  A dart slug (D:1)
  2 leopard geckos
  9 orcs
  4 bats
  4 giant cockroaches
  8 goblins
  6 hobgoblins (D:1)
  8 kobolds
  A quokka (D:4)
  6 rats
72 creatures vanquished.

Notes
Turn   | Place    | Note
-------+----------+-------------------------------------------
     0 | D:1      | BrokenGlass the Octopode Earth Elementalist began the quest for the Orb.
     0 | D:1      | Reached XP level 1. HP: 11/11 MP: 3/3
   225 | D:1      | Reached XP level 2. HP: 10/17 MP: 5/5
   471 | D:1      | Reached XP level 3. HP: 19/21 MP: 6/6
   817 | D:2      | Noticed an ogre
   824 | D:2      | Killed an ogre
   824 | D:2      | Reached skill level 4 in Earth Magic
   824 | D:2      | Reached XP level 4. HP: 27/27 MP: 4/9
   824 | D:2      | Reached XP level 5. HP: 31/31 MP: 4/10
  1342 | D:2      | Found a sparkling altar of Nemelex Xobeh.
  1999 | D:3      | Found a burning altar of Makhleb.
  2049 | D:3      | Found a stormy altar of Qazlal.
  2175 | D:4      | Reached skill level 5 in Earth Magic
  2175 | D:4      | Reached XP level 6. HP: 31/36 MP: 12/12
  2351 | D:4      | Noticed Blork the orc
  3355 | D:4      | Killed Blork the orc
  3355 | D:4      | Reached skill level 5 in Spellcasting
  3355 | D:4      | Reached XP level 7. HP: 32/41 MP: 8/14
  3375 | D:5      | Entered Level 5 of the Dungeon
  3379 | D:5      | Learned a level 2 spell: Passwall
  3384 | D:5      | Learned a level 3 spell: Stone Arrow
  3394 | D:5      | Reached skill level 6 in Earth Magic
  3940 | D:5      | Killed from afar by an orc priest

Skill      XL: |  1  2  3  4  5  6  7 |
---------------+----------------------+-----
Spellcasting   | 3 4 5 |  5.5
Earth Magic    | 4 5 6 |  6.4
Dodging        | |  2.0
Stealth        | |  2.6
Transmutations | |  1.0

Action                   |  1- 3 |  4- 6 |  7- 9 || total
-------------------------+-------+-------+-------++-------
Melee: Unarmed           |    10 |       |       ||    10
       Constrict         |    13 |    15 |     3 ||    31
       Tentacles         |     7 |    14 |     1 ||    22
       Dagger            |    43 |    69 |    18 ||   130
 Cast: Sandblast         |     3 |    24 |    21 ||    48
  Use: Scroll            |       |     9 |       ||     9
       Potion            |       |       |     1 ||     1
 Stab: Sleeping          |     6 |    11 |     1 ||    18
  Eat: Chunk             |       |     7 |     2 ||     9
Armor: Skin              |     4 |     2 |     5 ||    11
Dodge: Dodged            |    33 |    47 |    20 ||   100
